 Dungeon Crawl Stone Soup version 0.30-a0-347-gf58ed5266c (webtiles) character file.

Game seed: 8124371266093757601

7944 RascalDebosk the Thaumaturge (level 11, -4/91 HPs)
             Began as a Djinni Venom Mage on Nov 3, 2022.
             Was a Priest of Ashenzari.
             Engulfed by an ice statue's freezing vapour (24 damage)
             ... in a Gauntlet on Nov 5, 2022.
             The game lasted 01:43:08 (9499 turns).

RascalDebosk the Thaumaturge (Djinni Venom Mage)    Turns: 9499, Time: 01:43:08

Health: -4/91      AC: 11    Str:  7    XL:     11   Next: 46%
Gold:   210        EV: 27    Int: 20    God:    Ashenzari [***...] SH: 10 Dex: 15

rFire   + + .      SeeInvis +    i - +1 scimitar (elec)
rCold   x . .      Faith    .    F - +0 kite shield
rNeg    . . .      Spirit   .    z - +2 robe "Seer of Ashenzari" {Self, Fort} (curse)
rPois   ∞          Reflect  .    j - +2 helmet of Apeoromancy {Self, Evo} (curse)
rElec   .          Harm     .    L - +0 cloak of the Circumscribed Sky {Self, Cun} (curse)
rCorr   .          Rampage  .    A - +1 pair of gloves
Will    +....      Clarity  +    (boots unavailable)
Stlth   ++........ NoTele   +    O - amulet of the Chained Doubts {Acrobat, Self, Cun} (curse)
HPRegen 0.35/turn                (no ring)
MPRegen 0.00/turn                (no ring)

@: acrobatic, flying, studying Armour
A: sickness immunity, fire resistance 2, cold vulnerability 1, float, innate
caster, HP casting, extra vitality 1
a: Renounce Religion, Curse Item, Shatter the Chains


You were in a Gauntlet.
You worshipped Ashenzari.
Ashenzari was most pleased with you.
You visited 2 branches of the dungeon, and saw 12 of its levels.
You also visited: Gauntlet.

You collected 618 gold pieces.
You spent 408 gold pieces at shops.

Inventory:

Hand Weapons
 i - a +1 scimitar of electrocution (weapon)
 u - a +0 morningstar of venom
 N - a +0 scimitar
Missiles
 C - a throwing net {@!f}
Armour
 j - the cursed +2 helmet of Apeoromancy (worn) {Self, Evo}
   (You found it on level 3 of the Dungeon)

   It has a curse which improves the following skills: Introspection: Fighting
   and Spellcasting.
   Evocations: Evocations.
 z - the cursed +2 robe "Seer of Ashenzari" (worn) {Self, Fort}
   (You took it off Dowan on level 5 of the Dungeon)

   It has a curse which improves the following skills: Introspection: Fighting
   and Spellcasting.
   Fortitude: Armour and Shields.
 A - a +1 pair of gloves (worn)
 F - a +0 kite shield (worn)
 J - a scarf of shadows
 L - the cursed +0 cloak of the Circumscribed Sky (worn) {Self, Cun}
   (You took it off Crazy Yiuf on level 7 of the Dungeon)

   It has a curse which improves the following skills: Introspection: Fighting
   and Spellcasting.
   Cunning:   Dodging and Stealth.
 M - +0 acid dragon scales
Jewellery
 a - an amulet of reflection
 O - the cursed amulet of the Chained Doubts (around neck) {Acrobat, Self, Cun}
   (You found it on level 2 of the Dungeon)

   [amulet of the acrobat]

   It increases your evasion while moving and waiting.
   It has a curse which improves the following skills: Introspection: Fighting
   and Spellcasting.
   Cunning:   Dodging and Stealth.
Wands
 q - a wand of flame (15)
 v - a wand of digging (2)
 B - a wand of light (9)
 K - a wand of paralysis (11)
Scrolls
 b - 2 scrolls of poison
 f - a scroll of fog
 g - 6 scrolls of blinking
 h - a scroll of silence
 k - a scroll of immolation
 m - 2 scrolls of magic mapping
 p - a scroll of fear
 t - 4 scrolls of teleportation
 w - a scroll of brand weapon
 y - 3 scrolls of vulnerability
 D - 2 scrolls of summoning
Potions
 c - 3 potions of lignification
 d - 3 potions of ambrosia
 e - 9 potions of curing
 l - 5 potions of mutation
 n - a potion of might
 o - a potion of cancellation
 r - a potion of resistance
 s - 2 potions of heal wounds
 x - 3 potions of brilliance
 G - a potion of haste
 H - 2 potions of invisibility
 I - 2 potions of berserk rage
Miscellaneous
 E - a tin of tremorstones (2/2)
 Q - a phantom mirror


   Skills:
 + Level 8.9(12.8) Fighting
 + Level 7.0(8.6) Armour
 - Level 2.1(4.0) Dodging
 - Level 1.5(3.2) Stealth
 - Level 4.4(6.0) Shields
 * Level 10.1(14.0) Spellcasting


You had 13 spell levels left.
You knew the following spells:

 Your Spells              Type           Power      Damage    Failure   Level
a - Sting                 Tmut/Pois      100%       1d8       1%          1
b - Poisonous Vapours     Pois/Air       100%       N/A       1%          2
c - Mephitic Cloud        Conj/Pois/Air  63%        N/A       1%          3
d - Olgreb's Toxic Radia  Pois           63%        N/A       1%          4
e - Summon Small Mammal   Summ           100%       N/A       1%          1
f - Wereblood             Tmut           63%        N/A       1%          2
g - Gell's Gravitas       Tloc           63%        N/A       1%          3
h - Summon Lightning Spi  Summ/Air       63%        N/A       1%          4
i - Silence               Hex/Air        31%        N/A       1%          5
Your spell library was empty.

Dungeon Overview and Level Annotations

Branches:
Dungeon (11/15)            Temple (1/1) D:5         Gauntlet (1/1)
   Lair: D:8-11         Orc: D:9-12

Altars:
Ashenzari
Dithmenos
Elyvilon
Fedhas
Gozag
Makhleb
Nemelex Xobeh
Okawaru
Qazlal
Ru
Uskayaw
Zin
The Shining One

Shops:
D:10 ?

Annotations:
Gauntlet 13 transporters, 3 runed translucent doors, exclusion: ice statue


Innate Abilities, Weirdness & Mutations

You are immune to sickness and miasma.
You are immune to poison.
Your flesh is very heat resistant. (rF++)
You are vulnerable to cold. (rC-)
You float through the air rather than walking.
You learn spells naturally, not from books.
Your magical power is your life essence.
You have superior vitality. (+4 MHP)


Message History

Beware, the minotaur awaits!
The world spins around you as you enter the gateway.
You enter a gauntlet!
The nature of this place prevents you from teleporting.
Marking area around an ice statue as unsafe for travelling.
Found a gate leading back out of this place.
Found a transporter.
There is an empty arch of ancient stone here.
Press: ? - help, . - travel You can't see that place.
The rime drake hisses angrily.
Found a +1 antimagic sling.
Found a transporter.
Ashenzari invites you to partake of a vision and a curse of evocations and introspection.
Found 4 stones.
Found a transporter.
Unknown command.
As you read the scroll of enchant armour, it crumbles to dust.
Your +0 pair of gloves glows green for a moment.
The tengu conjurer shouts! x2
Found a transporter.
Found a transporter.
The tengu warrior shouts!
Found a transporter.
The hell hound barks!
The hell beast roars deafeningly!
The hell hound pauses to sniff the ground.
Found a +0 chain mail.
Found a transporter.
Press: ? - help, v - describe, . - travel A stone wall.
Found an amulet of magic regeneration.
Found a transporter.
Found 31 gold pieces.
You start waiting.
The hell hound stops to sniff the ground.
You start waiting.
The hell hound pauses to sniff the ground. x2
The hell beast howls, "Scamper hence, thou errant roguish tiddler!"
The hell hound stops to sniff the ground.
You start waiting.
The hell beast screeches, "Flounder, thou tasty supper!"
The hell beast squeals, "Give up, thou tasty snackling!"
The hell hound pauses to sniff the ground.
The hell hound stops to sniff the ground.
The hell beast screams, "Escape before doom catcheth thee!"
The hell hound pauses to sniff the ground.
Done waiting.
The hell hound stops to sniff the ground.
Found a gate leading back out of this place.
The hell hound stops to sniff the ground.
The meliai buzzes angrily.
Found a +2 pair of gloves of dexterity.
Found a transporter.
Found a scroll of noise.
Found a potion of heal wounds.
Found a transporter.
The glowing orange brain changes into a cyclops!
You hit the plant.
The plant begins to die.
Lightning courses through the plant!!
The plant is lightly damaged.
Found a scarf of invisibility.
Found a potion of heal wounds.
A nearby plant withers and dies.
Found a transporter.
Found a transporter.
Found a tin of tremorstones (2/2).
Found a transporter.
The balrug shouts!
Press: ? - help, . - travel, g - get item You can't see that place. [Stash: a +2 cloak of poison resistance] [the floor.]
Found a transporter.
The redback changes into a sea snake!
The rime drake hisses angrily.
Partly explored, unvisited transporter.
The ice statue glitters chillingly in the dim dungeon light.
There is a transporter here.
You enter the transporter and appear at another place.
The ice statue gestures at you. The bolt of cold misses you.
Casting: Olgreb's Toxic Radiance (safe; 1% risk of failure)
Confirm with . or Enter, or press ? or * to list all spells.
An electric hum fills the air.
The ice statue gestures at you. The bolt of cold hits you!!
You feel a terrible chill!
Really fly into a travel-excluded area?
Okay, then.
Unknown command.
Really fly into a travel-excluded area? [Y]es or [N]o only, please.
Really fly into a travel-excluded area? [Y]es or [N]o only, please.
Really fly into a travel-excluded area?
The ice statue gestures at you.
Your lightning spire shoots out a bolt of lightning at the ice statue!
The bolt of electricity hits the ice statue but does no damage.
You see here a +1 antimagic sling.
You are engulfed in freezing vapours.
* * * LOW HITPOINT WARNING * * *
There is a transporter here.
You are engulfed in freezing vapours.
You die...

...#.##..#.#.PP≈≈≈≈≈...###+++..#.
P♣.#.#.©#.##.♣.#≈#≈#P♣.#..^.#..#.
P..##.##.^##...≈≈≈≈≈P..#.##.#..#.
.♣.##.#.##w#...#≈#≈#...#.##.#..#.
...#S#H#G.##...........#...©#..#.
≈..#############################.
≈≈....#©.........©.........©#....
###...#######################...#
#≈.........#..@☼○○☼#.........≈#
#≈≈..♣PP.♣.#.#.○○#.#.♣.P.♣..≈≈#
####...PPP.#.#8☼☼#.#.P.PP..####
#≈..♣.P.#.##☼##.#...♣..≈#
#≈≈.....#.k#.#..#.....≈≈#
####..♣.####.####.♣..####
#≈...#...8...#...≈#
#≈≈..#########..≈≈#
####.....©.....####


You could see an ice statue (distracted, ally target), a swamp worm and a
friendly lightning spire (summoned).

Vanquished Creatures
  2 cyclopes
  A kobold demonologist (D:10)
  2 hornets (D:8)
  6 yaks
  A wyvern (D:9)
  A water moccasin (D:9)
  2 acid dragons
  Duvessa (D:5)
  A black bear (D:6)
  A sky beast (D:6)
  2 ogres
  3 centaurs
  2 phantoms
  Blork the orc (D:5)
  3 kobold brigands (D:10)
  5 bullfrogs
  2 gnoll sergeants
  3 scorpions
  Dowan (D:5)
  3 killer bees
  2 howler monkeys (D:8)
  A hound (D:5)
  Crazy Yiuf (D:7)
  2 gnoll boudas
  5 jellies
  3 orc priests
  9 orc wizards
  2 adders
  14 gnolls
  2 shadow imps
  4 white imps
  21 orcs
  5 ball pythons
  2 bats (D:2)
  8 endoplasms
  3 giant cockroaches
  3 goblins
  5 hobgoblins
  2 quokkas (D:2)
  3 frilled lizards (D:2)
  9 kobolds
  4 rats
153 creatures vanquished.

Vanquished Creatures (collateral kills)
  A two-headed ogre (D:10)
  Maggie (D:10)
  A troll (D:10)
  3 yaks (D:10)
  Menkaure (D:7)
  An acid dragon (D:10)
  2 water moccasins (D:8)
  A black bear (D:7)
  An ice beast (D:8)
  2 centaurs (D:9)
  3 wights (D:9)
  A jelly (D:6)
  A gnoll (D:9)
  2 orcs (D:9)
21 creatures vanquished.

Vanquished Creatures (others)
  A plant (Gauntlet)
  A withered plant (Gauntlet)
2 creatures vanquished.

Grand Total: 176 creatures vanquished

Notes
Turn   | Place    | Note
-------+----------+-------------------------------------------
     0 | D:1      | RascalDebosk the Djinni Venom Mage began the quest for the
                  | Orb.
     0 | D:1      | RascalDebosk set off with the following spells memorised:
                  | Sting, Poisonous Vapours, Mephitic Cloud, Olgreb's Toxic
                  | Radiance.
     0 | D:1      | Reached XP level 1. HP: 15/15 MP: 0/0
   284 | D:1      | Reached XP level 2. HP: 14/22 MP: 0/0
   488 | D:1      | HP: 1/22 [endoplasm (3)]
   722 | D:2      | Reached skill level 1 in Fighting
   862 | D:2      | Reached skill level 3 in Spellcasting
   862 | D:2      | Reached XP level 3. HP: 23/27 MP: 0/0
   862 | D:2      | Learned a level 1 spell: Summon Small Mammal
  1990 | D:3      | Found a sacrificial altar of Ru.
  1991 | D:3      | Found a hide-covered altar of Uskayaw.
  1991 | D:3      | Found a broken altar of Ashenzari.
  2002 | D:3      | Became a worshipper of Ashenzari the Shackled
  2137 | D:4      | Reached XP level 4. HP: 28/32 MP: 0/0
  2265 | D:4      | Found an opulent altar of Gozag.
  2586 | D:4      | Reached XP level 5. HP: 34/39 MP: 0/0
  2586 | D:4      | Learned a level 2 spell: Wereblood
  2615 | D:5      | Entered Level 5 of the Dungeon
  2617 | D:5      | Found a staircase to the Ecumenical Temple.
  2632 | Temple   | Entered the Ecumenical Temple
  2659 | D:5      | Noticed a phantom
  2675 | D:5      | Killed a phantom
  2676 | D:5      | Reached skill level 4 in Spellcasting
  2679 | D:5      | Reached XP level 6. HP: 6/46 MP: 0/0
  2680 | D:5      | Noticed an ogre
  2697 | D:5      | Killed an ogre
  2698 | D:5      | Reached XP level 7. HP: 7/52 MP: 0/0
  2698 | D:5      | Learned a level 3 spell: Gell's Gravitas
  2888 | D:5      | Reached skill level 5 in Spellcasting
  3060 | D:5      | Noticed Duvessa
  3060 | D:5      | Noticed Dowan
  3070 | D:5      | Killed Duvessa
  3073 | D:5      | Killed Dowan
  3319 | D:5      | Reached XP level 8. HP: 46/58 MP: 0/0
  3483 | D:5      | Noticed Blork the orc
  3492 | D:5      | Killed Blork the orc
  3501 | D:5      | Reached skill level 6 in Spellcasting
  3698 | D:6      | Reached skill level 5 in Fighting
  3698 | D:6      | Reached skill level 1 in Armour
  3992 | D:6      | Reached * piety under Ashenzari
  4167 | D:6      | Reached XP level 9. HP: 48/67 MP: 0/0
  4167 | D:6      | Learned a level 4 spell: Summon Lightning Spire
  4483 | D:7      | Noticed Menkaure
  4488 | D:7      | Killed Menkaure
  4489 | D:7      | Reached skill level 7 in Spellcasting
  4851 | D:7      | Found a blossoming altar of Fedhas.
  4861 | D:7      | Reached skill level 1 in Shields
  5027 | D:7      | Found a runed translucent door.
  5028 | D:7      | Noticed Crazy Yiuf
  5035 | D:7      | Killed Crazy Yiuf
  5388 | D:8      | Reached skill level 8 in Spellcasting
  5388 | D:8      | Reached XP level 10. HP: 23/76 MP: 0/0
  5793 | D:8      | Reached ** piety under Ashenzari
  5844 | D:8      | HP: 3/80 [water moccasin (6)]
  6382 | D:8      | Found a stormy altar of Qazlal.
  6410 | D:9      | Identified a scroll of acquirement
  6423 | D:9      | Acquired a manual of Armour
  6649 | D:9      | Reached skill level 9 in Spellcasting
  6821 | D:9      | Noticed a cyclops
  6828 | D:9      | HP: 3/81 [cyclops (23)]
  6830 | D:9      | Killed a cyclops
  7527 | D:10     | Entered Level 10 of the Dungeon
  7544 | D:10     | Reached XP level 11. HP: 65/86 MP: 0/0
  7544 | D:10     | Learned a level 5 spell: Silence
  7565 | D:10     | Reached *** piety under Ashenzari
  7644 | D:10     | Found an iron altar of Okawaru.
  7667 | D:10     | Found a burning altar of Makhleb.
  7680 | D:10     | Found a white marble altar of Elyvilon.
  7689 | D:10     | Found a sparkling altar of Nemelex Xobeh.
  7708 | D:10     | Found a glowing golden altar of the Shining One.
  7719 | D:10     | Found a glowing silver altar of Zin.
  7733 | D:10     | Found a shadowy altar of Dithmenos.
  7755 | D:10     | Noticed a two-headed ogre
  7768 | D:10     | Killed a two-headed ogre
  7769 | D:10     | Reached skill level 5 in Armour
  8016 | D:10     | Noticed Maggie
  8023 | D:10     | Killed Maggie
  8026 | D:10     | Upgraded the game from 0.30-a0-341-g682706514a to
                  | 0.30-a0-347-gf58ed5266c
  8044 | D:10     | Reached skill level 10 in Spellcasting
  8240 | D:10     | Found Menus's Magic Scroll Shoppe.
  8446 | D:10     | Bought a scroll of teleportation for 39 gold pieces
  8446 | D:10     | Bought a scroll of summoning for 123 gold pieces
  8446 | D:10     | Bought a scroll of fog for 52 gold pieces
  8446 | D:10     | Bought a scroll of blinking for 97 gold pieces
  8446 | D:10     | Bought a scroll of enchant armour for 97 gold pieces
  8509 | D:10     | Noticed a cyclops
  8553 | D:10     | Killed a cyclops
  9089 | D:11     | Found a gate leading to a gauntlet.
  9093 | D:11     | Noticed a boulder beetle
  9098 | Gauntlet | Entered a Gauntlet
  9098 | Gauntlet | Found a transporter.
  9101 | Gauntlet | Found a transporter.
  9103 | Gauntlet | Found a transporter.
  9114 | Gauntlet | Noticed a tengu warrior
  9116 | Gauntlet | Found a runed translucent gate.
  9116 | Gauntlet | Found a runed translucent gate.
  9116 | Gauntlet | Found a runed translucent gate.
  9120 | Gauntlet | Found a transporter.
  9123 | Gauntlet | Found a transporter.
  9130 | Gauntlet | Noticed a hell beast
  9132 | Gauntlet | Found a transporter.
  9132 | Gauntlet | Identified the +2 hat of Uskayaw's Anger {Str+3}
  9151 | Gauntlet | Identified the +4 ring mail of Rilareh {Fly rElec Regen+}
  9153 | Gauntlet | Found a transporter.
  9158 | Gauntlet | Found a transporter.
  9386 | Gauntlet | Found a transporter.
  9394 | Gauntlet | Found a transporter.
  9398 | Gauntlet | Noticed a glowing orange brain
  9400 | Gauntlet | a glowing orange brain changed into a cyclops
  9400 | Gauntlet | Noticed a cyclops (shapeshifter)
  9405 | Gauntlet | Found a transporter.
  9406 | Gauntlet | Found a transporter.
  9406 | Gauntlet | Noticed a fire crab
  9407 | Gauntlet | Noticed a balrug
  9434 | Gauntlet | Found a transporter.
  9453 | Gauntlet | Found a transporter.
  9466 | Gauntlet | Noticed a manticore
  9475 | Gauntlet | a redback changed into a sea snake
  9475 | Gauntlet | Noticed a sea snake (shapeshifter)
  9499 | Gauntlet | Engulfed by an ice statue's freezing vapour

Illustrated notes

Levels and vault maps discovered:
D:1:      dpeg_arrival_radiant, layout_basic
D:2:      layout_basic, minivault_23
D:3:      layout_basic, chequers_temple_overflow_statue_of_worship,
          serial_glass, glass_columns_b, glass_columns_a, glass_columns_a,
          glass_columns_a, glass_columns_c, glass_columns_b
D:4:      layout_basic, nicolae_overflow_crystal_walls,
          chequers_serial_rivers_small_b
D:5:      layout_rooms, minmay_temple_entry_purple_smoke, uniq_duvessa,
          uniq_blork_the_orc
D:6:      layout_rooms
D:7:      layout_cave_pools, fedhas_bush_and_centaur_altar,
          uniq_crazy_yiuf_cottage, uniq_menkaure
D:8:      layout_gridville, general_overflow_altar
D:9:      layout_cave_pools
D:10:     layout_irregular_city, grunt_temple_overflow_octagram, serial_shops,
          nicolae_shop_hallway_plus, kennysheep_generic_room_16, uniq_maggie
D:11:     layout_irregular_city, dpeg_lair_monsters, gauntlet_entry_generic,
          serial_bayou_lagoon_a
Temple:   grunt_temple_mini_profane
Gauntlet: minmay_gauntlet_77_tree [minmay_gauntlet_arena_77_mirror,
          minmay_gauntlet_arena_77_run_for_it, minmay_gauntlet_arena_77_mess,
          minmay_gauntlet_arena_77_terracotta_army,
          minmay_gauntlet_arena_77_two_paths,
          minmay_gauntlet_arena_77_double_cross,
          minmay_gauntlet_arena_77_chump_sandwich,
          nicolae_gauntlet_exit_dead_adventurers]

Skill      XL: |  1  2  3  4  5  6  7  8  9 10 11 |
---------------+----------------------------------+-----
Fighting       | 1 2 3 4 5 6 8 |  8.9
Spellcasting   | 3 4 5 6 8 9 10 | 10.1
Armour         | 2 3 4 7 |  7.0
Shields        | 2 4 |  4.4
Dodging        | |  2.1
Stealth        | |  1.5

Action                   |  1- 3 |  4- 6 |  7- 9 | 10-12 || total
-------------------------+-------+-------+-------+-------++-------
Melee: Morningstar       |     1 |    27 |    18 |       ||    46
       Scimitar          |       |       |    88 |    68 ||   156
 Cast: Sting             |    37 |       |     4 |     4 ||    45
       Poisonous Vapours |    37 |     4 |    23 |    30 ||    94
       Mephitic Cloud    |     2 |     1 |     4 |     5 ||    12
       Olgreb's Toxic Ra |       |     5 |    21 |    19 ||    45
       Wereblood         |       |     1 |     5 |       ||     6
       Gell's Gravitas   |       |       |     1 |       ||     1
       Summon Lightning  |       |       |     7 |    18 ||    25
       Silence           |       |       |       |     1 ||     1
Invok: Curse Item        |       |     1 |     1 |     2 ||     4
  Use: Scroll            |       |     3 |     8 |     2 ||    13
       Potion            |       |       |     2 |       ||     2
 Stab: Sleeping          |       |     1 |     1 |     1 ||     3
       Distracted        |       |       |       |     1 ||     1
       Confused          |       |       |       |     1 ||     1
Armor: Robe              |     6 |     9 |    33 |    42 ||    90
Dodge: Dodged            |    35 |    31 |    70 |    48 ||   184
Block: Kite shield       |       |       |    15 |    50 ||    65
       Buckler           |       |       |     1 |       ||     1

Table legend: (Time is in decaauts)
 A = Elapsed time spent in this place.
 B = Non-inter-level travel time spent in this place.
 C = Inter-level travel time spent in this place.
 D = Time resting spent in this place.
 E = Time spent auto-exploring this place.
 F = Levels seen in this place.
 G = Mean time per level.
                   A        B        C        D        E       F      G
               +--------+--------+--------+--------+--------+-----+--------+
         Total |   9599 |   9571 |     28 |   2111 |   5102 |  13 |  738.4 |
       Dungeon |   9196 |   9168 |     28 |   1903 |   4996 |  11 |  836.0 |
        Temple |      1 |      1 |      0 |      0 |      0 |   1 |    1.0 |
      Gauntlet |    401 |    401 |      0 |    208 |    106 |   1 |  401.0 |
               +--------+--------+--------+--------+--------+-----+--------+

Top non-repeatable levels by time:
    D:10: 1503 daAuts
     D:9: 1122 daAuts
     D:5: 1068 daAuts
     D:8: 1049 daAuts
     D:7: 919 daAuts
     D:6: 829 daAuts
     D:2: 828 daAuts
     D:1: 712 daAuts
     D:4: 573 daAuts
     D:3: 507 daAuts
Gauntlet: 401 daAuts
    D:11: 81 daAuts
  Temple: 1 daAuts
